TOP OF THE 1ST |
Birmingham Barons batting - Pitching for Waba Ducks : RHP Miguel Guerrero
|
Pitching: RHP Miguel Guerrero
|
|
Batting: SHB Tony Echevarría
|
0-0: Foul Ball, location: 2F 0-1: Foul Ball, location: 2F 0-2: Ball 1-2: Ball 2-2: Ball 3-2: DOUBLE (Line Drive, 89D)
|
Batting: RHB Dave Dawson
|
0-0: DOUBLE (Flyball, 7LM) Tony Echevarría scores
|
Batting: RHB Juan Jiménez
|
0-0: Ball 1-0: Ground out 6-3 (Groundball, 6)
|
Batting: LHB Chris Miller
|
0-0: Ball 1-0: Foul Ball, location: 2F 1-1: Ball 2-1: Ball 3-1: Called Strike 3-2: Base on Balls
|
Batting: LHB Marc May
|
0-0: Ball 1-0: Fly out, F7 (Line Drive, 78M)
|
Batting: RHB Peyton Yardley
|
0-0: Foul Ball, location: 2F 0-1: SINGLE (Line Drive, 6D) Dave Dawson to third Chris Miller to second
|
Batting: LHB John Haney
|
0-0: Ball 1-0: Ball 2-0: Ball 3-0: Base on Balls Dave Dawson scores Chris Miller to third Peyton Yardley to second
|
Batting: RHB Eric Johnson
|
0-0: Swinging Strike 0-1: Called Strike 0-2: Foul Ball, location: 2F 0-2: Ball 1-2: Strikes out swinging
|
Top of the 1st over - 2 run(s), 3 hit(s), 0 error(s), 3 left on base; Birmingham 2 - Waba 0 |
BOTTOM OF THE 1ST |
Waba Ducks batting - Pitching for Birmingham Barons : RHP Guillermo Lozano
|
Pitching: RHP Guillermo Lozano
|
|
Batting: LHB José Rodríguez
|
0-0: Swinging Strike 0-1: Foul Ball, location: 2F 0-2: SINGLE (Groundball, 3S) (infield hit)
|
Batting: RHB Pedro Molina
|
0-0: SINGLE (Line Drive, 89S) José Rodríguez to second
|
Batting: RHB Eduardo García
|
0-0: Called Strike 0-1: Grounds into double play, 6-4-3 (Groundball, 6) José Rodríguez to third
|
Batting: RHB Paul Spencer
|
0-0: Ball 1-0: Ball 2-0: Ball 3-0: Called Strike 3-1: DOUBLE (Flyball, 89M) José Rodríguez scores
|
Batting: RHB Jeremy Flemming
|
0-0: Ball 1-0: Called Strike 1-1: Swinging Strike 1-2: Strikes out looking
|
Bottom of the 1st over - 1 run(s), 3 hit(s), 0 error(s), 1 left on base; Birmingham 2 - Waba 1 |
TOP OF THE 2ND |
Birmingham Barons batting - Pitching for Waba Ducks : RHP Miguel Guerrero
|
Batting: RHB Vicente Elías
|
0-0: Called Strike 0-1: Called Strike 0-2: Strikes out swinging
|
Batting: SHB Tony Echevarría
|
0-0: Ball 1-0: Ball 2-0: Ball 3-0: Base on Balls
|
Batting: RHB Dave Dawson
|
0-0: Swinging Strike 0-1: Swinging Strike 0-2: Strikes out looking
|
Batting: RHB Juan Jiménez
|
0-0: Called Strike 0-1: Ball 1-1: Ball 2-1: Ball 3-1: Base on Balls Tony Echevarría to second
|
Batting: LHB Chris Miller
|
0-0: Ball 1-0: Foul Ball, location: 2F 1-1: DOUBLE (Line Drive, 78XD) Tony Echevarría scores Juan Jiménez to third Runner from 3rd tries for Home, SAFE, throw made home
|
Batting: LHB Marc May
|
0-0: Ball 1-0: DOUBLE (Line Drive, 8LXD) Chris Miller scores
|
Batting: RHB Peyton Yardley
|
0-0: Ball 1-0: Ball 2-0: Called Strike 2-1: SINGLE (Groundball, 4) (infield hit) Marc May to third
|
Batting: LHB John Haney
|
0-0: SINGLE (Line Drive, 9LS) Marc May scores Peyton Yardley to second Runner from 2nd tries for 3rd, OUT!
|
Top of the 2nd over - 4 run(s), 4 hit(s), 0 error(s), 1 left on base; Birmingham 6 - Waba 1 |
BOTTOM OF THE 2ND |
Waba Ducks batting - Pitching for Birmingham Barons : RHP Guillermo Lozano
|
Batting: RHB Kelly Graham
|
0-0: Ball 1-0: Called Strike 1-1: Foul Ball, location: 2F 1-2: Foul Ball, location: 2F 1-2: Strikes out swinging
|
Batting: LHB Daniel Carter
|
0-0: Called Strike 0-1: Foul Ball, location: 2F 0-2: SINGLE (Line Drive, 5L)
|
Batting: RHB Ángelo García
|
0-0: Ball 1-0: Ball 2-0: Called Strike 2-1: Ball 3-1: DOUBLE (Line Drive, 78D) Daniel Carter to third
|
Batting: SHB Alex Aguilar
|
0-0: Ball 1-0: Foul Ball, location: 2F 1-1: Ground out 6-3 (Groundball, 6D) Daniel Carter scores Ángelo García to third
|
Batting: LHB José Rodríguez
|
0-0: Ball 1-0: Foul Ball, location: 2F 1-1: Ball 2-1: Called Strike 2-2: Ball Wild Pitch! Ángelo García scores 3-2: Base on Balls
|
Batting: RHB Pedro Molina
|
0-0: Ball 1-0: Called Strike 1-1: Fly out, F7 (Flyball, 7LMF)
|
Bottom of the 2nd over - 2 run(s), 2 hit(s), 0 error(s), 1 left on base; Birmingham 6 - Waba 3 |
TOP OF THE 3RD |
Birmingham Barons batting - Pitching for Waba Ducks : RHP Miguel Guerrero
|
Batting: RHB Eric Johnson
|
0-0: Called Strike 0-1: Ball 1-1: Ball 2-1: Swinging Strike 2-2: Strikes out swinging
|
Batting: RHB Vicente Elías
|
0-0: Foul Ball, location: 2F 0-1: Foul Ball, location: 2F 0-2: Ball 1-2: Ground out 6-3 (Groundball, 6)
|
Batting: SHB Tony Echevarría
|
0-0: Ball 1-0: Swinging Strike 1-1: Called Strike 1-2: Ball 2-2: SINGLE (Flyball, 8RS)
|
Batting: RHB Dave Dawson
|
0-0: Swinging Strike 0-1: Swinging Strike 0-2: Fielders Choice at 2nd, 5-4 (Groundball, 56)
|
Top of the 3rd over - 0 run(s), 1 hit(s), 0 error(s), 0 left on base; Birmingham 6 - Waba 3 |
BOTTOM OF THE 3RD |
Waba Ducks batting - Pitching for Birmingham Barons : RHP Guillermo Lozano
|
Batting: RHB Eduardo García
|
0-0: Ball 1-0: Foul Ball, location: 2F 1-1: Foul Ball, location: 2F 1-2: Foul Ball, location: 2F 1-2: Ball 2-2: Fly out, F8 (Flyball, 89D)
|
Batting: RHB Paul Spencer
|
0-0: Ball 1-0: Called Strike 1-1: Foul Ball, location: 2F 1-2: Foul Ball, location: 2F 1-2: SOLO HOME RUN (Line Drive, 7D), Distance : 377 ft
|
Batting: RHB Jeremy Flemming
|
0-0: Ball 1-0: Ball 2-0: SINGLE (Groundball, 56D)
|
Batting: RHB Kelly Graham
|
0-0: Called Strike 0-1: Ball 1-1: Ball 2-1: Foul Ball, location: 2F 2-2: SINGLE (Line Drive, 3D) Jeremy Flemming to second
|
Batting: LHB Daniel Carter
|
0-0: Called Strike 0-1: Ball 1-1: Foul Ball, location: 2F 1-2: Ground out 6-3 (Groundball, 6MD) Jeremy Flemming to third Kelly Graham to second
|
Pitching: RHP Stanley Briggs
|
|
Batting: RHB Ángelo García
|
0-0: Ball 1-0: Ground out 6-3 (Groundball, 6)
|
Bottom of the 3rd over - 1 run(s), 3 hit(s), 0 error(s), 2 left on base; Birmingham 6 - Waba 4 |
TOP OF THE 4TH |
Birmingham Barons batting - Pitching for Waba Ducks : RHP Miguel Guerrero
|
Batting: RHB Juan Jiménez
|
0-0: Ball 1-0: SINGLE (Groundball, 6D)
|
Batting: LHB Chris Miller
|
0-0: Swinging Strike 0-1: Ball 1-1: Fly out, F8 (Flyball, 8LS)
|
Batting: LHB Marc May
|
0-0: Called Strike 0-1: SINGLE (Groundball, 34D) Juan Jiménez to second Runner from 2nd tries for 3rd, SAFE, throw made to third
|
Pinch Runner at 3rd Orlando Aguilar:
|
|
Batting: RHB Peyton Yardley
|
0-0: Ball 1-0: Swinging Strike 1-1: Ball 2-1: Called Strike 2-2: Foul Ball, location: 2F 2-2: Ball 3-2: Foul Ball, location: 2F 3-2: SINGLE (Line Drive, 7S) Orlando Aguilar scores Marc May to second
|
Pitching: LHP Alberto García
|
|
Batting: LHB John Haney
|
0-0: Ball 1-0: Foul Ball, location: 2F 1-1: Ball 2-1: Ball 3-1: Grounds into double play, 6-4-3 (Groundball, 6)
|
Top of the 4th over - 1 run(s), 3 hit(s), 0 error(s), 1 left on base; Birmingham 7 - Waba 4 |
BOTTOM OF THE 4TH |
Waba Ducks batting - Pitching for Birmingham Barons : RHP Stanley Briggs
|
Now at 3B: Orlando Aguilar
|
|
Batting: SHB Alex Aguilar
|
0-0: Ball 1-0: Ball 2-0: Ball 3-0: Base on Balls
|
Batting: LHB José Rodríguez
|
0-0: Ball 1-0: Called Strike 1-1: Foul Ball, location: 2F 1-2: Fly out, F9 (Flyball, 9LDF)
|
Batting: RHB Pedro Molina
|
0-0: Called Strike 0-1: Called Strike 0-2: Ball 1-2: Strikes out swinging
|
Batting: RHB Eduardo García
|
0-0: Fielders Choice at 2nd, 6-4 (Groundball, 6)
|
Bottom of the 4th over - 0 run(s), 0 hit(s), 0 error(s), 0 left on base; Birmingham 7 - Waba 4 |
TOP OF THE 5TH |
Birmingham Barons batting - Pitching for Waba Ducks : LHP Alberto García
|
Batting: RHB Eric Johnson
|
0-0: Called Strike 0-1: Ball 1-1: Called Strike 1-2: Foul Ball, location: 2F 1-2: Ball 2-2: Fly out, F8 (Flyball, 78M)
|
Batting: RHB Vicente Elías
|
0-0: Called Strike 0-1: Ball 1-1: Ball 2-1: Ball 3-1: Foul Ball, location: 2F 3-2: Foul Ball, location: 2F 3-2: Foul Ball, location: 2F 3-2: Base on Balls
|
Batting: SHB Tony Echevarría
|
0-0: Swinging Strike 0-1: Ball 1-1: Swinging Strike 1-2: Ball 2-2: Strikes out swinging
|
Batting: RHB Dave Dawson
|
0-0: Called Strike 0-1: SINGLE (Line Drive, 78S) Vicente Elías to second
|
Batting: SHB Orlando Aguilar
|
0-0: Ball 1-0: Foul Ball, location: 2F 1-1: Foul Ball, location: 2F 1-2: Strikes out looking
|
Top of the 5th over - 0 run(s), 1 hit(s), 0 error(s), 2 left on base; Birmingham 7 - Waba 4 |
BOTTOM OF THE 5TH |
Waba Ducks batting - Pitching for Birmingham Barons : RHP Stanley Briggs
|
Batting: RHB Paul Spencer
|
0-0: Swinging Strike 0-1: Swinging Strike 0-2: Strikes out looking
|
Batting: RHB Jeremy Flemming
|
0-0: Ball 1-0: Ball 2-0: Foul Ball, location: 2F 2-1: Foul Ball, location: 2F 2-2: Ball 3-2: Fly out, F8 (Flyball, 8RM)
|
Batting: RHB Kelly Graham
|
0-0: Called Strike 0-1: Ball 1-1: Foul Ball, location: 2F 1-2: Ball 2-2: Fly out, F8 (Line Drive, 8RM)
|
Bottom of the 5th over - 0 run(s), 0 hit(s), 0 error(s), 0 left on base; Birmingham 7 - Waba 4 |
TOP OF THE 6TH |
Birmingham Barons batting - Pitching for Waba Ducks : LHP Alberto García
|
Batting: LHB Chris Miller
|
0-0: Ball 1-0: Called Strike 1-1: Swinging Strike 1-2: Ball 2-2: Fly out, F6 (Popup, 56D)
|
Batting: LHB Marc May
|
0-0: Ball 1-0: Ball 2-0: Called Strike 2-1: SOLO HOME RUN (Flyball, 9LD), Distance : 336 ft
|
Batting: RHB Peyton Yardley
|
0-0: Ball 1-0: Called Strike 1-1: Swinging Strike 1-2: Ball 2-2: Strikes out swinging passed ball, reaches first!
|
Batting: LHB John Haney
|
0-0: Fly out, F2 (Popup, 5S)
|
Batting: RHB Eric Johnson
|
0-0: Ball 1-0: Called Strike 1-1: Fly out, F7 (Flyball, 7S)
|
Top of the 6th over - 1 run(s), 1 hit(s), 0 error(s), 1 left on base; Birmingham 8 - Waba 4 |
BOTTOM OF THE 6TH |
Waba Ducks batting - Pitching for Birmingham Barons : RHP Stanley Briggs
|
Pitching: RHP Michel Dallaire
|
|
Batting: LHB Daniel Carter
|
0-0: Ball 1-0: Called Strike 1-1: Ball 2-1: Foul Ball, location: 2F 2-2: Ball 3-2: Strikes out swinging
|
Batting: RHB Ángelo García
|
0-0: Ball 1-0: Ball 2-0: Called Strike 2-1: Ball 3-1: Called Strike 3-2: Foul Ball, location: 2F 3-2: Foul Ball, location: 2F 3-2: Strikes out swinging
|
Batting: SHB Alex Aguilar
|
0-0: Called Strike 0-1: Ball 1-1: Ball 2-1: Called Strike 2-2: Foul Ball, location: 2F 2-2: Ball 3-2: Foul Ball, location: 2F 3-2: Foul Ball, location: 2F 3-2: Fly out, F7 (Flyball, 7LMF)
|
Bottom of the 6th over - 0 run(s), 0 hit(s), 0 error(s), 0 left on base; Birmingham 8 - Waba 4 |
TOP OF THE 7TH |
Birmingham Barons batting - Pitching for Waba Ducks : LHP Alberto García
|
Batting: RHB Vicente Elías
|
0-0: Ball 1-0: Swinging Strike 1-1: Ball 2-1: SINGLE (Groundball, 6D)
|
Batting: SHB Tony Echevarría
|
0-0: Ball 1-0: Ball 2-0: SINGLE (Groundball, 34D) Vicente Elías to second Runner from 2nd tries for 3rd, SAFE, no throw
|
Batting: RHB Dave Dawson
|
0-0: Ball 1-0: Ball 2-0: Ball Wild Pitch! Vicente Elías scores Tony Echevarría to second 3-0: Base on Balls
|
Batting: SHB Orlando Aguilar
|
0-0: Swinging Strike 0-1: Ball 1-1: Foul Ball, location: 2F 1-2: Ball 2-2: SINGLE (Groundball, 34D) Tony Echevarría to third Dave Dawson to second
|
Batting: LHB Chris Miller
|
0-0: Called Strike 0-1: Called Strike 0-2: Ball 1-2: Ball 2-2: Ball 3-2: Base on Balls Tony Echevarría scores Dave Dawson to third Orlando Aguilar to second
|
Batting: LHB Marc May
|
0-0: Ball 1-0: Called Strike 1-1: Called Strike 1-2: Foul Ball, location: 2F 1-2: Ball 2-2: Foul Ball, location: 2F 2-2: Ball 3-2: Strikes out swinging
|
Batting: RHB Peyton Yardley
|
0-0: Ball 1-0: Ball 2-0: Ball 3-0: Called Strike 3-1: Fielders Choice at 2nd, 6-4 (Groundball, 6) Dave Dawson scores Orlando Aguilar to third
|
Pitching: RHP António Mata
|
|
Batting: LHB John Haney
|
0-0: Foul Ball, location: 2F 0-1: Called Strike 0-2: Ball 1-2: Foul Ball, location: 2F 1-2: Fly out, F4 (Line Drive, 4)
|
Top of the 7th over - 3 run(s), 3 hit(s), 0 error(s), 2 left on base; Birmingham 11 - Waba 4 |
BOTTOM OF THE 7TH |
Waba Ducks batting - Pitching for Birmingham Barons : RHP Michel Dallaire
|
Batting: LHB José Rodríguez
|
0-0: Foul Ball, location: 2F 0-1: Ball 1-1: Called Strike 1-2: Strikes out swinging
|
Batting: RHB Pedro Molina
|
0-0: Ball 1-0: Fly out, F8 (Flyball, 8LXD)
|
Batting: RHB Eduardo García
|
0-0: Called Strike 0-1: Ball 1-1: Ball 2-1: Foul Ball, location: 2F 2-2: Ball 3-2: Base on Balls
|
Batting: RHB Paul Spencer
|
0-0: Fly out, F9 (Flyball, 9)
|
Bottom of the 7th over - 0 run(s), 0 hit(s), 0 error(s), 1 left on base; Birmingham 11 - Waba 4 |
TOP OF THE 8TH |
Birmingham Barons batting - Pitching for Waba Ducks : RHP António Mata
|
Batting: RHB Eric Johnson
|
0-0: Foul Ball, location: 2F 0-1: Ball 1-1: Foul Ball, location: 2F 1-2: DOUBLE (Groundball, 5L)
|
Batting: RHB Vicente Elías
|
0-0: Foul Ball, location: 2F 0-1: Ball 1-1: Called Strike 1-2: Ball 2-2: Fly out, F8 (Flyball, 8LM)
|
Batting: SHB Tony Echevarría
|
Balk! Eric Johnson to third 0-0: Fly out, F8 (Flyball, 8LS)
|
Pinch Hitting: RHB Carlos García
|
0-0: Foul Ball, location: 2F 0-1: Ball 1-1: Foul Ball, location: 2F 1-2: Ball 2-2: Foul Ball, location: 2F 2-2: TRIPLE (Line Drive, 8RM) Eric Johnson scores
|
Batting: SHB Orlando Aguilar
|
0-0: Foul Ball, location: 2F 0-1: Swinging Strike 0-2: Ball 1-2: Strikes out swinging
|
Top of the 8th over - 1 run(s), 2 hit(s), 0 error(s), 1 left on base; Birmingham 12 - Waba 4 |
BOTTOM OF THE 8TH |
Waba Ducks batting - Pitching for Birmingham Barons : RHP Michel Dallaire
|
Now at 2B: Theron Harper
|
|
Batting: RHB Jeremy Flemming
|
0-0: Called Strike 0-1: Swinging Strike 0-2: Foul Ball, location: 2F 0-2: Ball 1-2: Ground out 6-3 (Groundball, 6)
|
Batting: RHB Kelly Graham
|
0-0: Foul Ball, location: 2F 0-1: Ball 1-1: Foul Ball, location: 2F 1-2: Ball 2-2: Strikes out swinging
|
Batting: LHB Daniel Carter
|
0-0: Ball 1-0: Ground out 4-3 (Groundball, 4M)
|
Bottom of the 8th over - 0 run(s), 0 hit(s), 0 error(s), 0 left on base; Birmingham 12 - Waba 4 |
TOP OF THE 9TH |
Birmingham Barons batting - Pitching for Waba Ducks : RHP António Mata
|
Batting: LHB Chris Miller
|
0-0: Foul Ball, location: 2F 0-1: Ball 1-1: Ball 2-1: Swinging Strike 2-2: Strikes out looking
|
Batting: LHB Marc May
|
0-0: Ball 1-0: SOLO HOME RUN (Line Drive, 8LXD), Distance : 412 ft
|
Pinch Hitting: LHB José Rivera
|
0-0: SOLO HOME RUN (Flyball, 9D), Distance : 419 ft
|
Batting: LHB John Haney
|
0-0: Ball 1-0: Foul Ball, location: 2F 1-1: Ground out 4-3 (Groundball, 34)
|
Batting: RHB Eric Johnson
|
0-0: Swinging Strike 0-1: Foul Ball, location: 2F 0-2: Ball 1-2: Foul Ball, location: 2F 1-2: Strikes out swinging
|
Top of the 9th over - 2 run(s), 2 hit(s), 0 error(s), 0 left on base; Birmingham 14 - Waba 4 |
BOTTOM OF THE 9TH |
Waba Ducks batting - Pitching for Birmingham Barons : RHP Michel Dallaire
|
Now in RF: Warren Martin
|
|
Batting: RHB Ángelo García
|
0-0: Ground out U3 (Groundball, 34)
|
Batting: SHB Alex Aguilar
|
0-0: Ground out U3 (Groundball, 34)
|
Batting: LHB José Rodríguez
|
0-0: Called Strike 0-1: Ball 1-1: Ball 2-1: Ball 3-1: DOUBLE (Flyball, 9LM)
|
Batting: RHB Pedro Molina
|
0-0: Swinging Strike 0-1: Swinging Strike 0-2: Ball 1-2: Fly out, F8 (Line Drive, 8LD)
|
Bottom of the 9th over - 0 run(s), 1 hit(s), 0 error(s), 1 left on base; Birmingham 14 - Waba 4 |
|